 Dungeon Crawl Stone Soup version 0.28-a0-622-gbaef9634d7 (webtiles) character file.

Game seed: 10833287303027204435

296 KristoblXynda the Slasher (level 6, -8/41 (47) HPs)
             Began as a Demonspawn Gladiator on Oct 7, 2021.
             Mangled by a wight (13 damage)
             ... on level 4 of the Dungeon.
             The game lasted 00:03:52 (3842 turns).

KristoblXynda the Slasher (Demonspawn Gladiator)    Turns: 3842, Time: 00:03:53

HP:   -8/41 (47)    AC:  6    Str: 16    XL:     6   Next: 12%
MP:   6/6           EV: 13    Int: 10    God:
Gold: 81            SH:  0    Dex: 14    Spells: 5/5 levels left

rFire   . . .      SeeInvis .   a - +0 long sword
rCold   . . .      Faith    .   (no shield)
rNeg    . . .      Spirit   .   b - +0 leather armour
rPois   .          Reflect  .   c - +0 helmet
rElec   .          Harm     .   (no cloak)
rCorr   .          Rampage  .   (no gloves)
Will    .....                   (no boots)
Stlth   +.........              (no amulet)
HPRegen 0.13/turn               (no ring)
MPRegen 0.10/turn               (no ring)

@: hasted, heavily drained, very quick
A: slimy green scales 1, powered by death 1, powered by pain 2, demonic touch 1
a: no special abilities


You were on level 4 of the Dungeon.
You visited 1 branch of the dungeon, and saw 4 of its levels.

You collected 81 gold pieces.

Inventory:

Hand Weapons
 a - a +0 long sword (weapon)
Missiles
 d - 3 throwing nets (quivered)
Armour
 b - a +0 leather armour (worn)
 c - a +0 helmet (worn)
Jewellery
 i - an amulet of magic regeneration
 p - a ring of ice
Wands
 k - a wand of polymorph (11)
Scrolls
 m - a scroll of noise {unknown}
 n - a scroll of teleportation
 q - a scroll of immolation {unknown}
Potions
 g - a potion of might {unknown}
 h - a potion of flight {unknown}
 j - a potion of curing
 l - 2 potions of brilliance {unknown}
 o - 2 potions of attraction {unknown}


   Skills:
 + Level 3.6 Fighting
 * Level 4.7 Long Blades
 - Level 2.0 Throwing
 + Level 3.8 Dodging


You had 5 spell levels left.
You didn't know any spells.
Your spell library was empty.

Dungeon Overview and Level Annotations

Branches:
Dungeon (4/15)
 Temple: D:4-7

Altars:
Cheibriados

Annotations:
D:3 Grinder


Innate Abilities, Weirdness & Mutations

You are partially covered in slimy green scales. (AC +2)
You regenerate a little health from kills.
You sometimes gain power by taking damage.
Your touch may inflict minor irresistible damage on your foes.


Message History

The wight is moderately damaged.
A wight comes into view. It is wielding a +0 flail.
Items here: )) [[.
You feel much better.
Items here: )) [[.
You closely miss the wight. The wight hits you with a +0 flail.
You feel drained.
You hit the wight.
You touch the wight.
The wight is heavily damaged.
You closely miss the wight.
The wight is heavily damaged.
The wight closely misses you.
You closely miss the wight.
The wight is heavily damaged.
The wight hits you with a +0 flail!
You feel drained.
You hit the wight but do no damage.
You touch the wight.
The wight is severely damaged.
The wight hits you with a +0 flail.
You feel drained.
You hit the wight but do no damage.
You touch the wight.
The wight is almost destroyed.
The wight hits you with a +0 flail!
You hit the wight.
You destroy the wight!
You have reached level 6!
Your experience leads to an increase in your attributes!
Increase (S)trength, (I)ntelligence, or (D)exterity?
You feel stronger.
Your demonic ancestry asserts itself...
You feel even more energised by your suffering.
You barely miss the wight.
The wight is moderately damaged.
You barely miss the wight.
The wight is moderately damaged.
The wight hits you with a +3 scimitar!
* * * LOW HITPOINT WARNING * * *
You feel drained.
* * * LOW HITPOINT WARNING * * *
You hit the wight but do no damage.
The wight is moderately damaged.
The wight hits you with a +3 scimitar!
You die...

#...#####.....# #..##
##...## ### ...#########.#
#.. ..##....# #.# #.# #
...##...# #.# #.# .#
....##..####.# #.##.#####
.....).....#.# #.........
#......)##.#.####..#..J...
##......##......@..# .###.
###...####.....##z##z.#
##..# ##...###J....# ####
##.## #####.# #.# #.# #+#


You could see a wight and an endoplasm.

Vanquished Creatures
  4 wights (D:4)
  An iguana (D:4)
  A hound skeleton (D:4)
  3 adders
  3 worms
  A dart slug (D:1)
  An orc (D:3)
  5 bats
  2 endoplasms (D:1)
  5 goblins
  5 hobgoblins
  2 jackals (D:1)
  8 kobolds
  2 quokkas
  4 ball pythons
  3 frilled lizards
  9 rats
59 creatures vanquished.

Notes
Turn   | Place    | Note
-------+----------+-------------------------------------------
     0 | D:1      | KristoblXynda the Demonspawn Gladiator began the quest for
                  | the Orb.
     0 | D:1      | Reached XP level 1. HP: 16/16 MP: 1/1
   108 | D:1      | Found a faded altar of an unknown god.
   140 | D:1      | Gained mutation: Your touch may inflict minor irresistible
                  | damage on your foes. [demonic ancestry]
   140 | D:1      | Reached XP level 2. HP: 22/22 MP: 2/2
   258 | D:1      | Reached skill level 3 in Long Blades
  1201 | D:2      | Gained mutation: You are partially covered in slimy green
                  | scales. (AC +2) [demonic ancestry]
  1201 | D:2      | Reached XP level 3. HP: 26/28 MP: 3/3
  1227 | D:2      | Found a snail-covered altar of Cheibriados.
  1981 | D:3      | Noticed Grinder
  2192 | D:3      | Gained mutation: You regenerate a little health from kills.
                  | [demonic ancestry]
  2192 | D:3      | Reached XP level 4. HP: 31/34 MP: 4/4
  3130 | D:4      | Reached skill level 4 in Long Blades
  3324 | D:4      | Gained mutation: You sometimes gain a little power by
                  | taking damage. [demonic ancestry]
  3324 | D:4      | Reached XP level 5. HP: 7/39 MP: 5/5
  3840 | D:4      | Gained mutation: You sometimes gain power by taking damage.
                  | [demonic ancestry]
  3840 | D:4      | Reached XP level 6. HP: 13/43 MP: 6/6
  3842 | D:4      | Mangled by a wight

Illustrated notes

Levels and vault maps discovered:
D:1:      wheals_arrival_shading, layout_basic, chequers_ecumenical_altar_twisty
D:2:      layout_loops_ring, basic_altar, hangedman_abyss_or_decor_stabs
D:3:      layout_loops_ring, uniq_grinder
D:4:      layout_loops_corners, minmay_crossroads

Skill      XL: |  1  2  3  4 |
---------------+-------------+-----
Throwing       | 2 |  2.0
Long Blades    | 3 4 |  4.7
Dodging        | 3 |  3.8
Fighting       | 3 |  3.6

Action                   |  1- 3 |  4- 6 || total
-------------------------+-------+-------++-------
Melee: Long sword        |   100 |    80 ||   180
       Touch             |     9 |    13 ||    22
  Use: Scroll            |     2 |     2 ||     4
       Potion            |       |     4 ||     4
 Stab: Sleeping          |     2 |       ||     2
Armor: Leather armour    |    30 |    12 ||    42
Dodge: Dodged            |    65 |    47 ||   112

Table legend: (Time is in decaauts)
 A = Elapsed time spent in this place.
 B = Non-inter-level travel time spent in this place.
 C = Inter-level travel time spent in this place.
 D = Time resting spent in this place.
 E = Time spent auto-exploring this place.
 F = Levels seen in this place.
 G = Mean time per level.
                   A        B        C        D        E       F      G
               +--------+--------+--------+--------+--------+-----+--------+
         Total |   3870 |   3817 |     53 |    912 |   2374 |   4 |  967.5 |
       Dungeon |   3870 |   3817 |     53 |    912 |   2374 |   4 |  967.5 |
               +--------+--------+--------+--------+--------+-----+--------+

Top non-repeatable levels by time:
     D:3: 1291 daAuts
     D:1: 1097 daAuts
     D:2: 756 daAuts
     D:4: 725 daAuts
